 Dungeon Crawl Stone Soup version 0.28.0-47-ge53b351184 (webtiles) character file.

Game seed: 3588670996257498859

48 H0rd4k the Magician (level 3, -2/19 HPs)
             Began as a Deep Elf Hedge Wizard on Apr 28, 2022.
             Slain by a gnoll
             ... wielding a +0 flail
              (10 damage)
             ... on level 1 of the Dungeon on Apr 29, 2022.
             The game lasted 00:02:50 (2382 turns).

H0rd4k the Magician (Deep Elf Hedge Wizard)         Turns: 2382, Time: 00:02:50

Health: -2/19      AC:  2    Str:  7    XL:     3   Next: 50%
Magic:  7/12       EV: 12    Int: 20    God:
Gold:   24         SH:  0    Dex: 14    Spells: 4/13 levels left

rFire   . . .      SeeInvis .   a - +0 dagger
rCold   . . .      Faith    .   (no shield)
rNeg    . . .      Spirit   .   b - +0 robe
rPois   .          Reflect  .   c - +0 hat
rElec   .          Harm     .   (no cloak)
rCorr   .          Rampage  .   (no gloves)
Will    .....                   (no boots)
Stlth   ++........              (no amulet)
HPRegen 0.06/turn               (no ring)
MPRegen 0.13/turn               (no ring)

@: no status effects
A: no striking features
a: no special abilities


You were on level 1 of the Dungeon.
You visited 1 branch of the dungeon, and saw 2 of its levels.

You collected 24 gold pieces.

Inventory:

Hand Weapons
 a - a +0 dagger (weapon)
Armour
 b - a +0 robe (worn)
 c - a +0 hat (worn)
Jewellery
 d - a ring of protection from cold
Scrolls
 e - a scroll of enchant weapon {unknown}
 g - a scroll of identify {unknown}
 h - a scroll of acquirement {unknown}
Potions
 f - a potion of attraction {unknown}
 i - 2 potions of flight {unknown}


   Skills:
 + Level 2.7 Dodging
 - Level 2.4 Stealth
 + Level 5.8 Spellcasting
 + Level 1.9 Conjurations
 + Level 1.1 Summonings
 + Level 1.1 Translocations
 * Level 0.1 Fire Magic


You had 4 spell levels left.
You knew the following spells:

 Your Spells              Type           Power      Damage    Failure   Level
a - Magic Dart            Conj           52%        1d5       4%          1
b - Blink                 Tloc           20%        N/A       11%         2
c - Conjure Flame         Conj/Fire      9%         6-21      22%         3
d - Mephitic Cloud        Conj/Pois/Air  8%         N/A       24%         3

Your spell library contained the following spells:

 Spells                   Type           Power      Damage    Failure   Level
 Call Imp                 Summ           10%        N/A       10%         2
 Slow                     Hex            20%        N/A       11%         1


Dungeon Overview and Level Annotations

Branches:
Dungeon (2/15)

Altars:

Annotations:
D:1 exclusion: downstairs


Message History

Your magical contamination has completely faded away.
You see here 16 bolts.
You feel stable enough to blink again.
There is an open door here.
Casting: Blink (safe; 11% risk of failure)
Confirm with . or Enter, or press ? or * to list all spells.
The spell is potentially lethal to miscast (22% risk of failure)!
Continue anyway?
You miscast Conjure Flame.
You are very lightly contaminated with residual magic.
Nothing appears to happen.
There is an open door here.
Your magical contamination has completely faded away.
There is an open door here.
There is an open door here.
The magic dart hits the gnoll but does no damage.
The magic dart hits the gnoll but does no damage.
The magic dart hits the gnoll but does no damage.
The magic dart hits the gnoll but does no damage.
The gnoll misses you.
The magic dart hits the gnoll but does no damage.
The gnoll hits you with a +0 flail!
The magic dart hits the gnoll.
The gnoll is moderately wounded.
The gnoll hits you with a +0 flail.
You are too injured to fight recklessly!
Casting: Magic Dart (safe; 4% risk of failure)
Confirm with . or Enter, or press ? or * to list all spells.
You blink.
You feel stable enough to blink again.
You see here 28 stones.
There is a stone staircase leading down here.
You climb downwards.
The adder hisses angrily.
Found 12 gold pieces and 25 arrows.
There is a stone staircase leading up here.
You climb upwards.
Level annotation: exclusion: downstairs The gnoll barely misses you.
The gnoll hits you with a +0 flail!
Ouch! That really hurt!
You die...

...## #...........# #g##.#......
....## #>..........# #.#..#####..
.....####...#[..##.###....####...
.....+...........g...........'...
'###########'#(###.####...####...
.#.#♣♣♣♣♣#.#.#..##........# ##..
.............#...#######.## ##g
..♣..♣.♣..♣..#...g# #.# ##
≈#♣♣..≈..♣♣#≈#..@.# #.# #
≈#P♣.≈≈≈.♣P#≈#....# #.#
≈#>..≈8≈..<#≈#...## #.#
≈#P♣.≈≈≈.♣P#≈#..## #.########
≈#♣♣..≈..♣♣#≈#### #.......##
..♣..♣.♣..♣..# #######.#.
.............# #.##
.#.#♣♣♣♣♣#.#.# #.## '### ###'#
#.##


You could see a gnoll.

Vanquished Creatures
  A gnoll (D:2)
  An adder (D:2)
  A dart slug (D:1)
  5 goblins
  4 hobgoblins (D:1)
  3 quokkas (D:1)
  2 ball pythons (D:1)
  5 bats
  2 kobolds (D:2)
  4 rats
28 creatures vanquished.

Notes
Turn   | Place    | Note
-------+----------+-------------------------------------------
     0 | D:1      | H0rd4k the Deep Elf Hedge Wizard began the quest for the
                  | Orb.
     0 | D:1      | Reached XP level 1. HP: 10/10 MP: 7/7
   399 | D:2      | Reached skill level 5 in Spellcasting
   399 | D:2      | Reached XP level 2. HP: 9/15 MP: 1/10
   886 | D:1      | Found a faded altar of an unknown god.
  1134 | D:1      | Reached XP level 3. HP: 17/19 MP: 4/12
  1137 | D:1      | Learned a level 2 spell: Blink
  1141 | D:1      | Learned a level 3 spell: Conjure Flame
  1145 | D:1      | Learned a level 3 spell: Mephitic Cloud
  2382 | D:1      | Slain by a gnoll

Illustrated notes

Levels and vault maps discovered:
D:1:      tarquinn_simple_flora_water_b, layout_loops_corners,
          shapermc_ecumenical_altar_mp_ritualfount, minivault_11
D:2:      layout_rooms, minivault_23, uniq_natasha

Skill      XL: |  1 |
---------------+----+-----
Spellcasting   | 5 |  5.8
Dodging        | |  2.7
Stealth        | |  2.4
Conjurations   | |  1.9
Summonings     | |  1.1
Translocations | |  1.1
Fire Magic     | |  0.1

Action                   || total
-------------------------++-------
 Cast: Magic Dart        ||   106
       Blink             ||     2
Armor: Robe              ||     6
Dodge: Dodged            ||    23
